 Dungeon Crawl Stone Soup version 0.28.0-45-g0d030f2227 (webtiles) character file.

Game seed: 14775350632208181559

14 101zpm the Caller (level 2, 0/15 HPs)
             Began as a Kobold Summoner on Apr 20, 2022.
             Succumbed to an adder's poison
             ... on level 2 of the Dungeon.
             The game lasted 00:02:45 (1818 turns).

101zpm the Caller (Kobold Summoner)                 Turns: 1818, Time: 00:02:45

Health: 0/15       AC:  2    Str:  5    XL:     2   Next: 55%
Magic:  3/5        EV: 15    Int: 16    God:
Gold:   85         SH:  0    Dex: 15    Spells: 4/5 levels left

rFire   . . .      SeeInvis .   e - +3 short sword
rCold   . . .      Faith    .   (no shield)
rNeg    . . .      Spirit   .   a - +0 robe
rPois   .          Reflect  .   (no helmet)
rElec   .          Harm     .   (no cloak)
rCorr   .          Rampage  .   (no gloves)
Will    .....                   (no boots)
Stlth   +++.......              (no amulet)
HPRegen 0.05/turn               (no ring)
MPRegen 0.09/turn               (no ring)

@: lethally poisoned (0 -> -3)
A: small, no large weapons, nightstalker 3
a: no special abilities


You were on level 2 of the Dungeon.
You visited 1 branch of the dungeon, and saw 2 of its levels.

You collected 85 gold pieces.

Inventory:

Hand Weapons
 e - a +3 short sword (weapon)
Armour
 a - a +0 robe (worn)
Scrolls
 b - a scroll of immolation {unknown}
 d - a scroll of enchant armour {unknown}
Potions
 c - 2 potions of mutation {unknown}
 f - 2 potions of haste {unknown}


   Skills:
 + Level 2.4 Dodging
 + Level 2.7 Stealth
 + Level 2.3 Spellcasting
 + Level 4.5 Summonings


You had 4 spell levels left.
You knew the following spells:

 Your Spells              Type           Power      Damage    Failure   Level
a - Summon Small Mammal   Summ           64%        N/A       3%          1

Your spell library contained the following spells:

 Spells                   Type           Power      Damage    Failure   Level
 Call Imp                 Summ           16%        N/A       4%          2
 Call Canine Familiar     Summ           16%        N/A       10%         3
 Apportation              Tloc           2%         N/A       21%         1
 Summon Guardian Golem    Hex/Summ       9%         N/A       24%         3
 Summon Lightning Spire   Summ/Air       9%         N/A       61%         4
 Alistair's Intoxication  Tmut/Pois      0%         N/A       99%         5


Dungeon Overview and Level Annotations

Branches:
Dungeon (2/15)

Altars:


Innate Abilities, Weirdness & Mutations

You are small and have problems with some larger weapons.
You are completely attuned to the shadows.


Message History

There is a stone staircase leading down here.
You climb downwards.
There is a stone staircase leading up here.
Sorry, I don't know how to get there.
Found a stone staircase leading down.
There is a stone staircase leading down here.
f - 2 black potions You open the door.
There is an open door here.
A bat comes into view.
A bat is nearby!
An adder comes into view.
The helpless bat fails to defend itself.
You hit the bat.
You kill the bat!
The adder misses you. The adder barely misses you.
You barely miss the adder. The adder bites you.
You are poisoned.
The adder poisons you!
An adder is nearby!
You barely miss the adder.
You feel sick. The adder bites you. The adder closely misses you.
You hit the adder.
The adder is moderately wounded.
You feel sick. The adder bites you.
You are lethally poisoned!
The adder poisons you!
You are too injured to fight recklessly!
Casting: Summon Small Mammal (safe; 3% risk of failure)
Press: ? - help, Q - select action Dir - look around, f - activate
* * * LOW HITPOINT WARNING * * *
You feel sick. The adder bites you but does no damage.
Casting: Summon Small Mammal (safe; 3% risk of failure)
Press: ? - help, Q - select action Dir - look around, f - activate
* * * LOW HITPOINT WARNING * * *
You feel sick. The adder misses you. The adder closely misses you.
Your rat misses the adder.
* * * LOW HITPOINT WARNING * * *
You feel sick.
Your bat closely misses the adder.
You die...

#######
##.#...###
##...rb...
#....S..#
###...#.##
......@.#
###.####
#.# ##'##
##...##
##.....#
##.......#
#..>......
+.........


You could see a friendly bat (summoned).

Vanquished Creatures
  A bat (D:2)
1 creature vanquished.

Vanquished Creatures (collateral kills)
  2 endoplasms (D:1)
  2 goblins (D:1)
  A hobgoblin (D:1)
  A kobold (D:1)
  A quokka (D:1)
  3 ball pythons (D:1)
  2 frilled lizards (D:1)
12 creatures vanquished.

Grand Total: 13 creatures vanquished

Notes
Turn   | Place    | Note
-------+----------+-------------------------------------------
     0 | D:1      | 101zpm the Kobold Summoner began the quest for the Orb.
     0 | D:1      | Reached XP level 1. HP: 10/10 MP: 3/3
   835 | D:1      | Reached XP level 2. HP: 15/15 MP: 1/5
  1818 | D:2      | Succumbed to an adder's poison

Illustrated notes

Levels and vault maps discovered:
D:1:      nicolae_arrival_memento_mori, layout_loops_cross,
          chequers_serial_rivers_small_b
D:2:      layout_loops_corners, kennysheep_crisscross, minivault_14,
          skrybe_limestone_x, minmay_splitting_lines, uniq_terence, uniq_robin,
          uniq_natasha

Action                   || total
-------------------------++-------
Melee: Unarmed           ||    22
       Short sword       ||     4
       Punch             ||     1
 Cast: Summon Small Mamm ||    28
 Stab: Sleeping          ||     2
Armor: Robe              ||     6
Dodge: Dodged            ||    34
